[Event "Titled Tuesday Blitz May 16 Early 2023"]
[White "Manukyan, Sargis A."]
[Black "Gurevich, Dmitry"]
[WhiteFideId "13303970"]
[BlackFideId "2000407"]
[WhiteElo "2187"]
[BlackElo "2506"]
[Result "1-0"]
[Round "06"]
[TimeControl "180+2"]
[Date "2023.05.16"]
[WhiteClock "0:00:43"]
[BlackClock "0:00:00"]

1. d4 Nf6 2. c4 a6 3. Nc3 c5 4. d5 b5 5. cxb5 axb5 6. Nxb5 Qa5+ 7. Nc3 Bb7 8. f3 Nxd5 9. Bd2 Nxc3 10. Bxc3 Qb6 11. e4 e6 12. Bc4 Nc6 13. Ne2 Na5 14. Bd3 c4 15. Bc2 Bc5 16. Bxg7 Rg8 17. Bd4 Rxg2 18. Kf1 Rg6 19. Bxc5 Qxc5 20. Qd4 Qxd4 21. Nxd4 Ke7 22. Kf2 Nc6 23. Nxc6+ Bxc6 24. a3 Rb8 25. Rab1 Rf6 26. Ke3 d5 27. b3 dxe4 28. fxe4 cxb3 29. Rxb3 Rxb3+ 30. Bxb3 e5 31. Rc1 Kd6 32. Rd1+ Kc7 33. Bd5 Bxd5 34. Rxd5 Re6 35. a4 f6 36. a5 Rc6 37. Kf3 Rc4 38. Rb5 Ra4 39. h4 f5 40. exf5 Rf4+ 41. Ke3 Rxf5 42. a6 Rf1 43. Rb7+ Kc6 44. Rxh7 Ra1 45. Ke4 Kd6 46. Rh6+ 1-0


[Site "https://www.chess.com"]

[Event "Titled Tuesday Blitz May 16 Early 2023"]
[White "Senft, Sean"]
[Black "Korchmar, Vasiliy"]
[WhiteFideId "2044960"]
[BlackFideId "24131750"]
[WhiteElo "1989"]
[BlackElo "2370"]
[Result "0-1"]
[Round "06"]
[TimeControl "180+2"]
[Date "2023.05.16"]
[WhiteClock "0:00:00"]
[BlackClock "0:00:12"]

1. d4 Nf6 2. c4 c6 3. Nc3 d5 4. Nf3 e6 5. Bg5 Nbd7 6. cxd5 exd5 7. e3 Be7 8. Bd3 O-O 9. O-O h6 10. Bh4 Ne4 11. Bxe7 Qxe7 12. Qc2 Re8 13. Nd2 Ndf6 14. Rfe1 Bf5 15. f3 Nxd2 16. Qxd2 Bxd3 17. Qxd3 Rad8 18. Rad1 Rd6 19. b4 Re6 20. e4 dxe4 21. fxe4 Qxb4 22. e5 Nd5 23. Ne4 Rg6 24. Rf1 Re7 25. Nd6 c5 26. Nxf7 Qxd4+ 27. Qxd4 cxd4 28. Rxd4 Rxg2+ 29. Kxg2 Ne3+ 30. Kf2 Nxf1 31. Nxh6+ gxh6 32. Kxf1 Rxe5 33. Rd7 Ra5 34. Rxb7 Rxa2 35. Kg1 a5 36. Ra7 a4 37. Kh1 a3 38. Kg1 h5 39. h4 Kf8 40. Rh7 Rb2 41. Rh8+ Kg7 0-1


[Site "https://www.chess.com"]

[Event "Titled Tuesday Blitz May 16 Early 2023"]
[White "Novik, Maxim"]
[Black "Mohammed, Zozek Salah Mohammed"]
[WhiteFideId "4102924"]
[BlackFideId "4803361"]
[WhiteElo "2287"]
[BlackElo "2211"]
[Result "1-0"]
[Round "06"]
[TimeControl "180+2"]
[Date "2023.05.16"]
[WhiteClock "0:01:48"]
[BlackClock "0:01:46"]

1. e4 e6 2. d3 d5 3. Nd2 c5 4. Ngf3 Nc6 5. g3 Nf6 6. Bg2 Be7 7. O-O O-O 8. Re1 Qc7 9. e5 Nd7 10. Qe2 b5 11. Nf1 a5 12. h4 Bb7 13. h5 Rfc8 14. h6 g6 15. N1h2 d4 16. Ng4 Nb4 17. a3 Nd5 18. Bg5 Bxg5 19. Nxg5 Ne7 20. Bxb7 Qxb7 21. Ne4 Nf5 22. Qf3 Qc6 23. Qf4 c4 24. Ngf6+ Nxf6 25. Nxf6+ Kh8 26. g4 Nh4 27. Ne4 Nf5 28. gxf5 exf5 29. Nf6 cxd3 30. cxd3 1-0


[Site "https://www.chess.com"]

[Event "Titled Tuesday Blitz May 16 Early 2023"]
[White "Bogaudinov, Rushan"]
[Black "Orlov, Georgi"]
[WhiteFideId "4129288"]
[BlackFideId "2011271"]
[WhiteElo "1941"]
[BlackElo "2619"]
[Result "0-1"]
[Round "06"]
[TimeControl "180+2"]
[Date "2023.05.16"]
[WhiteClock "0:00:05"]
[BlackClock "0:00:46"]

1. e4 d6 2. Nf3 Nf6 3. Nc3 c6 4. d4 Bg4 5. Be2 e6 6. O-O Be7 7. b3 d5 8. e5 Nfd7 9. h3 Bxf3 10. Bxf3 c5 11. Nxd5 exd5 12. Bxd5 Nc6 13. e6 fxe6 14. Bxe6 Nf6 15. d5 Nd4 16. Bb2 Nxe6 17. dxe6 O-O 18. Qe2 Qb6 19. c4 Rad8 20. Rad1 Rxd1 21. Rxd1 Rd8 22. Rxd8+ Qxd8 23. f4 Qd6 24. g3 Qc6 25. Bxf6 Bxf6 26. e7 Kf7 27. e8=Q+ Qxe8 28. Qh5+ g6 29. Qxh7+ Bg7 30. Kf2 Qe4 31. h4 Qc2+ 32. Kg1 Qb1+ 33. Kg2 Qxa2+ 34. Kh3 Qc2 35. h5 Qe4 36. Kh4 Qh1+ 37. Kg5 Qxh5+ 38. Qxh5 gxh5 39. Kxh5 a6 40. Kg5 b5 41. Kf5 bxc4 42. bxc4 a5 43. Ke4 a4 44. Kd3 a3 45. Kc2 a2 0-1


[Site "https://www.chess.com"]

[Event "Titled Tuesday Blitz May 16 Early 2023"]
[White "hakanazeri2"]
[Black "Fan_Of_Chucky"]
[WhiteElo "2612"]
[BlackElo "2376"]
[Result "1-0"]
[Round "06"]
[TimeControl "180+2"]
[Date "2023.05.16"]
[WhiteClock "0:00:44"]
[BlackClock "0:00:05"]

1. e4 c5 2. Nf3 Nc6 3. d4 cxd4 4. Nxd4 Nf6 5. Nc3 d6 6. Bg5 e6 7. Qd2 a6 8. O-O-O Be7 9. f4 Bd7 10. Be2 b5 11. Bf3 Rc8 12. Nxc6 Bxc6 13. e5 Bxf3 14. gxf3 dxe5 15. fxe5 Qxd2+ 16. Rxd2 Nd7 17. Bxe7 Kxe7 18. f4 Nc5 19. Rhd1 Rhd8 20. Rxd8 Rxd8 21. Rxd8 Kxd8 22. b4 Nd7 23. a4 bxa4 24. Nxa4 f6 25. exf6 gxf6 26. c4 Kc7 27. Kd2 Nb6 28. Nb2 Kc6 29. Kd3 Nd7 30. Kd4 e5+ 31. fxe5 Nxe5 32. h3 Nf3+ 33. Ke4 Ng5+ 34. Kf5 Nxh3 35. Kxf6 h5 36. Nd3 h4 37. Kf5 Ng1 38. Kg4 h3 39. Kg3 h2 40. Kxh2 Nf3+ 41. Kg3 Nd2 42. Ne5+ Kd6 43. Kf4 Nxc4 44. Nxc4+ Kd5 45. Na5 Kd4 46. Kf5 Kc3 47. Nc6 Kc4 48. Ke5 Kb5 49. Kd5 Kb6 50. Kd6 Kb5 51. Kc7 a5 52. bxa5 Ka6 53. Kd6 Kb5 54. Kd5 Ka6 55. Kc5 Kb7 56. Kb5 Ka8 57. Nd4 Ka7 58. Nb3 Ka8 59. Nc5 Ka7 60. Kc6 Ka8 61. Kb6 Kb8 62. a6 Ka8 63. Ne6 Kb8 64. a7+ Ka8 65. Nc7# 1-0


[Site "https://www.chess.com"]

[Event "Titled Tuesday Blitz May 16 Early 2023"]
[White "Koutsin, Sergey"]
[Black "Agibileg, Uurtsaikh"]
[WhiteFideId "14101483"]
[BlackFideId "4901606"]
[WhiteElo "2381"]
[BlackElo "2353"]
[Result "1/2-1/2"]
[Round "06"]
[TimeControl "180+2"]
[Date "2023.05.16"]
[WhiteClock "0:01:15"]
[BlackClock "0:00:46"]

1. d4 Nf6 2. c4 g6 3. Nc3 Bg7 4. e4 d6 5. Nf3 O-O 6. Be2 e5 7. O-O Nc6 8. d5 Ne7 9. Ne1 Nd7 10. Be3 f5 11. f3 f4 12. Bf2 g5 13. a4 Ng6 14. a5 a6 15. b4 h5 16. c5 Rf7 17. c6 Nf6 18. cxb7 Bxb7 19. b5 Bf8 20. bxa6 Bxa6 21. Bxa6 Rxa6 22. Nd3 g4 23. Nb4 Ra8 24. Nc6 Qc8 25. Qd3 g3 26. hxg3 fxg3 27. Bxg3 h4 28. Bh2 Nh5 29. Ne2 Bh6 30. a6 Rg7 31. a7 Ngf4 32. Nxf4 Bxf4 33. Bxf4 Rxg2+ 34. Kxg2 Nxf4+ 35. Kf2 Nxd3+ 36. Ke3 Kf7 37. Kxd3 Qh3 38. Ke3 Qg3 39. Rg1 Qf4+ 40. Ke2 h3 41. Raf1 Rh8 42. Rg4 Qf6 43. Rh1 h2 44. Rg2 Rh3 45. Rf2 Qh8 46. Nb8 Qe8 47. Nc6 Qc8 48. Rhxh2 Qa6+ 49. Ke1 Qa1+ 50. Ke2 Rg3 51. Rhg2 Rh3 52. Rh2 Qa6+ 53. Ke1 Rg3 54. Rhg2 Qa1+ 55. Ke2 Qa2+ 56. Ke1 Qb1+ 57. Ke2 Qa2+ 58. Ke3 Qa3+ 59. Ke2 Rh3 60. Rh2 Rg3 61. Rhg2 Rh3 62. Rh2 Rg3 63. Rhg2 1/2-1/2


[Site "https://www.chess.com"]

[Event "Titled Tuesday Blitz May 16 Early 2023"]
[White "Iskusnyh, Sergei"]
[Black "Labussiere, Yago"]
[WhiteFideId "4120027"]
[BlackFideId "2186969"]
[WhiteElo "2492"]
[BlackElo "2160"]
[Result "1-0"]
[Round "06"]
[TimeControl "180+2"]
[Date "2023.05.16"]
[WhiteClock "0:00:15"]
[BlackClock "0:00:01"]

1. d4 d5 2. c4 dxc4 3. e3 Nf6 4. Bxc4 e6 5. Nf3 c5 6. O-O a6 7. Nc3 b5 8. Be2 Bb7 9. dxc5 Bxc5 10. Qxd8+ Kxd8 11. Nd2 Ke7 12. Nb3 Bb6 13. a4 b4 14. a5 Ba7 15. Na4 Bd5 16. Nd4 Bxd4 17. exd4 Nc6 18. Be3 Nxa5 19. Nb6 Nb3 20. Ra4 Ra7 21. Rxb4 Na5 22. Ra1 Nc6 23. Rba4 a5 24. Bb5 Rb8 25. Nxd5+ Nxd5 26. Bxc6 Nb4 27. Bf3 Rb5 28. h3 g6 29. d5 exd5 30. Bxa7 1-0


[Site "https://www.chess.com"]

[Event "Titled Tuesday Blitz May 16 Early 2023"]
[White "Garrido, Denis"]
[Black "Bodnaruk, Anastasia"]
[WhiteFideId "601217"]
[BlackFideId "4181751"]
[WhiteElo "2292"]
[BlackElo "2304"]
[Result "1-0"]
[Round "06"]
[TimeControl "180+2"]
[Date "2023.05.16"]
[WhiteClock "0:00:05"]
[BlackClock "0:00:01"]

1. d4 Nf6 2. c4 g6 3. Nc3 Bg7 4. Nf3 O-O 5. g3 d6 6. Bg2 Nc6 7. O-O a6 8. d5 Na5 9. b3 c5 10. dxc6 Nxc6 11. Bd2 h6 12. Rc1 e5 13. Ne1 Bf5 14. Nc2 Qd7 15. Ne3 Bh3 16. Ned5 Bxg2 17. Kxg2 Rad8 18. Be3 Ng4 19. Bb6 Rc8 20. h3 Nf6 21. Qd2 Nxd5 22. Nxd5 Qe6 23. e3 f5 24. Rcd1 Rf7 25. f4 g5 26. Rf2 Kh8 27. Nb4 exf4 28. exf4 gxf4 29. gxf4 Nxb4 30. Qxb4 Rc6 31. a4 Qe4+ 32. Kh2 Qe6 33. a5 Kh7 34. Qd2 Bf6 35. Re1 Qd7 36. Rfe2 Rg7 37. Rg2 Rc8 38. Rxg7+ Qxg7 39. Qxd6 Rg8 40. Rg1 Qf7 41. Rxg8 Kxg8 42. Qb8+ Kh7 43. Qc7 Kg6 44. Qxf7+ Kxf7 45. Kg3 Ke6 46. Kf3 Bc3 47. Ke3 Bb4 48. Bd8 Bc3 49. Bb6 Bb4 50. Kd4 Bd2 51. Bc7 Kd7 52. Be5 Bxa5 53. Kd5 Bd2 54. Kc5 a5 55. Kb6 Kc8 56. c5 Be3 57. Kb5 Bd2 58. Bd6 Kd7 59. Kb6 Kc8 60. Kb5 Bc3 61. Kc4 Bd2 62. Kd5 Bc3 63. Ke6 Bd2 64. Kxf5 Kd7 65. Kg6 Kc6 66. Kxh6 b6 67. Kg6 bxc5 68. Be5 Kb5 69. h4 Kb4 70. h5 Kxb3 71. h6 c4 72. h7 c3 73. h8=Q c2 74. Qb8+ Kc4 75. Bb2 a4 76. Qc7+ Kb3 77. Qb6+ Bb4 78. Bc1 Kc4 79. Qc6+ Kb3 80. Qd5+ Kc3 81. Qf3+ Kc4 82. Qe2+ Kc3 83. Qd2+ Kb3 84. Qd3+ Bc3 85. Bd2 Ka2 86. Qxc2+ 1-0


[Site "https://www.chess.com"]

[Event "Titled Tuesday Blitz May 16 Early 2023"]
[White "Santarius, Erik"]
[Black "Quesada Perez, Yuniesky"]
[WhiteFideId "2025817"]
[BlackFideId "3504409"]
[WhiteElo "2300"]
[BlackElo "2585"]
[Result "0-1"]
[Round "06"]
[TimeControl "180+2"]
[Date "2023.05.16"]
[WhiteClock "0:00:15"]
[BlackClock "0:00:16"]

1. e4 d5 2. exd5 Qxd5 3. Nc3 Qa5 4. Nf3 Nf6 5. g3 Bg4 6. h3 Bh5 7. Bg2 c6 8. O-O e6 9. Re1 Nbd7 10. d4 Be7 11. Ne2 O-O 12. Nf4 Bg6 13. Nxg6 hxg6 14. c3 Rad8 15. Qb3 Qb6 16. Bd2 Rfe8 17. Ng5 Nd5 18. Qc2 Nf8 19. Nf3 c5 20. dxc5 Bxc5 21. Re2 Qc7 22. Kh1 Nh7 23. Rf1 b5 24. Ng5 Nxg5 25. Bxg5 Be7 26. Bc1 Bf6 27. Qe4 Qc4 28. a3 Re7 29. Rfe1 Red7 30. Kg1 Nb6 31. Qc2 a5 32. Bf1 Qc6 33. Bg2 Qc8 34. Be3 Nc4 35. Bc1 a4 36. h4 Qc5 37. Bf4 Rc8 38. Rd1 Rxd1+ 39. Qxd1 Rd8 40. Qc2 g5 41. hxg5 Bxg5 42. Bxg5 Qxg5 43. Bf3 g6 44. Kg2 Kg7 45. Qe4 Qc1 46. Qc2 Qa1 47. Bg4 Rd1 48. Qe4 Rg1+ 49. Kh2 Rd1 50. Bf3 Qc1 51. Bg2 Rd2 52. Rxd2 Qxd2 53. Qd4+ Qxd4 54. cxd4 Nxb2 55. Bc6 b4 56. axb4 a3 57. b5 Nc4 58. b6 Nxb6 0-1


[Site "https://www.chess.com"]

[Event "Titled Tuesday Blitz May 16 Early 2023"]
[White "Sebag, Marie"]
[Black "Goldin, Roman"]
[WhiteFideId "617822"]
[BlackFideId "2803860"]
[WhiteElo "2431"]
[BlackElo "2312"]
[Result "1-0"]
[Round "06"]
[TimeControl "180+2"]
[Date "2023.05.16"]
[WhiteClock "0:00:04"]
[BlackClock "0:00:00"]

1. c4 e5 2. Nc3 Nf6 3. g3 d5 4. cxd5 Nxd5 5. Bg2 Nb6 6. Nf3 Nc6 7. O-O Be7 8. a3 Be6 9. d3 O-O 10. b4 a5 11. b5 Nd4 12. Nd2 Ra7 13. e3 Nf5 14. Qc2 Qd7 15. Rd1 Rd8 16. Nf3 f6 17. a4 Qe8 18. Bb2 Qf7 19. Nd2 Bb4 20. Nce4 Nd5 21. Nc4 b6 22. Ned2 Nd6 23. e4 Ne7 24. Ne3 c5 25. Ndc4 Ndc8 26. f4 exf4 27. gxf4 Rad7 28. f5 Bxc4 29. Nxc4 Rd4 30. Bxd4 cxd4 31. Kh1 Bc5 32. Qe2 g6 33. Rg1 gxf5 34. exf5 Kh8 35. Be4 Nd6 36. Nxd6 Bxd6 37. Rg2 Ng8 38. Rag1 Nh6 39. Qd2 Qh5 40. Qe2 Qh4 41. Qf3 Rc8 42. Bd5 Re8 43. Be6 Be5 44. Qc6 Rf8 45. Qf3 Rd8 46. Qd5 Rf8 47. Qe4 Rd8 48. Qxh4 1-0


[Site "https://www.chess.com"]

[Event "Titled Tuesday Blitz May 16 Early 2023"]
[White "Sethuraman, S.P."]
[Black "Demin, Vladimir"]
[WhiteFideId "5021596"]
[BlackFideId "4167457"]
[WhiteElo "2543"]
[BlackElo "2542"]
[Result "1-0"]
[Round "06"]
[TimeControl "180+2"]
[Date "2023.05.16"]
[WhiteClock "0:01:06"]
[BlackClock "0:00:29"]

1. Nf3 d5 2. c3 Nf6 3. d4 c6 4. Bf4 Bf5 5. Qb3 Qb6 6. c4 e6 7. Nc3 Bb4 8. e3 Ne4 9. Be2 Nd7 10. Rc1 O-O 11. O-O h6 12. c5 Qa5 13. Nxe4 dxe4 14. Ne5 Nxe5 15. Bxe5 b6 16. a3 Bd2 17. Rc2 bxc5 18. Rxc5 Qb6 19. Qc2 Rfd8 20. b4 f6 21. Bg3 1-0


[Site "https://www.chess.com"]

[Event "Titled Tuesday Blitz May 16 Early 2023"]
[White "Shvedova, Alexandra"]
[Black "Molina, Roberto Junio Brito"]
[WhiteFideId "54154782"]
[BlackFideId "2109450"]
[WhiteElo "1973"]
[BlackElo "2376"]
[Result "0-1"]
[Round "06"]
[TimeControl "180+2"]
[Date "2023.05.16"]
[WhiteClock "0:00:25"]
[BlackClock "0:01:06"]

1. e4 e5 2. Nf3 Nc6 3. Bc4 Bc5 4. O-O Nf6 5. d3 h6 6. c3 d6 7. a4 a6 8. Nbd2 O-O 9. h3 Be6 10. Re1 Ba7 11. Bxe6 fxe6 12. Nf1 Qe8 13. Be3 Bxe3 14. Rxe3 Nh5 15. d4 Nf4 16. Ng3 Qg6 17. Kh2 Rf7 18. dxe5 dxe5 19. b4 Qf6 20. b5 Na5 21. Qf1 Nb3 22. Rd1 Nc5 23. Qc4 b6 24. Ne2 axb5 25. axb5 Ra4 26. Qxa4 Nxa4 27. c4 Nc5 28. Nc3 Rd7 29. Ra1 Rd3 30. Rxd3 Nfxd3 31. Kg1 Qf4 0-1


[Site "https://www.chess.com"]

[Event "Titled Tuesday Blitz May 16 Early 2023"]
[White "Tokman, Ariel"]
[Black "Cherniaiev, Tykhon"]
[WhiteFideId "117420"]
[BlackFideId "14182360"]
[WhiteElo "2263"]
[BlackElo "2450"]
[Result "0-1"]
[Round "06"]
[TimeControl "180+2"]
[Date "2023.05.16"]
[WhiteClock "0:00:00"]
[BlackClock "0:00:06"]

1. d4 Nf6 2. c4 e6 3. Nf3 d5 4. Nc3 Be7 5. cxd5 exd5 6. Bf4 O-O 7. e3 c5 8. Be2 Nc6 9. dxc5 Bxc5 10. O-O Be6 11. Nb5 Rc8 12. Rc1 Be7 13. Nbd4 Qb6 14. Nxe6 fxe6 15. Rb1 Ne4 16. Ne5 Nxe5 17. Bxe5 Bf6 18. Bxf6 Rxf6 19. Bf3 Ng5 20. Bg4 Rcf8 21. Qc2 Ne4 22. Bf3 Ng5 23. Be2 Qd6 24. f4 Ne4 25. Bf3 Qb6 26. Qe2 Rxf4 27. Kh1 R4f5 28. Bxe4 dxe4 29. Rxf5 exf5 30. Rd1 h6 31. Qd2 Kh7 32. h3 Rf6 33. b3 a6 34. Rf1 Qb5 35. Rf2 Qe5 36. Rf1 Rd6 37. Qf2 Rd5 38. Qh4 Rd2 39. Qh5 Rd5 40. Qh4 b5 41. Qh5 Qf6 42. Qe2 Qg5 43. Qf2 Kg6 44. Rc1 Rd3 45. Rc6+ Kh7 46. Rxa6 b4 47. Rc6 Rc3 0-1


[Site "https://www.chess.com"]

[Event "Titled Tuesday Blitz May 16 Early 2023"]
[White "Lavrik, Dmitry"]
[Black "Shuvalov, Evgenij"]
[WhiteFideId "24113190"]
[BlackFideId "4187237"]
[WhiteElo "2345"]
[BlackElo "2080"]
[Result "1-0"]
[Round "06"]
[TimeControl "180+2"]
[Date "2023.05.16"]
[WhiteClock "0:00:15"]
[BlackClock "0:00:00"]

1. c4 Nf6 2. Nf3 g6 3. Nc3 Bg7 4. d4 d5 5. h3 O-O 6. cxd5 Nxd5 7. e4 Nxc3 8. bxc3 c5 9. Be2 Nc6 10. Be3 Qa5 11. O-O Rd8 12. d5 Bxc3 13. Rc1 Nd4 14. Nxd4 Bxd4 15. Bxd4 cxd4 16. Qxd4 Qxa2 17. Bf3 Qa5 18. Ra1 Qc7 19. Rxa7 e5 20. Qa1 Rxa7 21. Qxa7 Qc3 22. Qb6 Rf8 23. Kh2 Qd2 24. g3 f5 25. Bg2 f4 26. Kg1 f3 27. Bh1 Bxh3 28. Rb1 1-0


[Site "https://www.chess.com"]

[Event "Titled Tuesday Blitz May 16 Early 2023"]
[White "Dino_Ballecer"]
[Black "Arabidze, Meri"]
[BlackFideId "13604040"]
[WhiteElo "2523"]
[BlackElo "2405"]
[Result "1/2-1/2"]
[Round "06"]
[TimeControl "180+2"]
[Date "2023.05.16"]
[WhiteClock "0:00:17"]
[BlackClock "0:00:20"]

1. e4 c5 2. Nf3 e6 3. d3 Nc6 4. g3 d6 5. Bg2 Nf6 6. O-O Be7 7. Re1 O-O 8. c3 e5 9. h3 Nd7 10. d4 exd4 11. cxd4 cxd4 12. Nxd4 Nxd4 13. Qxd4 Nc5 14. Nc3 Bf6 15. e5 Ne6 16. Qxd6 Qxd6 17. exd6 Rd8 18. Nd5 Rxd6 19. Nxf6+ gxf6 20. Be3 Bd7 21. Red1 Rxd1+ 22. Rxd1 Bc6 23. Bxc6 bxc6 24. Rc1 Rc8 25. Bxa7 Ra8 26. Bc5 Nxc5 27. Rxc5 Rxa2 28. Rc2 c5 29. Kg2 c4 30. Re2 Kg7 31. Kf3 h6 32. Ke3 Kg6 33. Kd4 Ra4 34. Kc5 h5 35. h4 Kf5 36. Kb5 Ra2 37. Kxc4 Kg4 38. Re4+ Kh3 39. Rf4 Rxb2 40. Rxf6 Kg2 41. Rxf7 Rxf2 42. Rg7 Rf3 43. Rg5 Rxg3 44. Rxh5 Kh3 45. Kd4 Rg4+ 46. Ke5 Rxh4 47. Rxh4+ Kxh4 1/2-1/2


[Site "https://www.chess.com"]

[Event "Titled Tuesday Blitz May 16 Early 2023"]
[White "Girya, Olga"]
[Black "Kuzmin, Roman"]
[WhiteFideId "4195752"]
[BlackFideId "44134932"]
[WhiteElo "2263"]
[BlackElo "2122"]
[Result "1-0"]
[Round "06"]
[TimeControl "180+2"]
[Date "2023.05.16"]
[WhiteClock "0:00:07"]
[BlackClock "0:00:00"]

1. d4 Nf6 2. Nf3 e6 3. c4 d5 4. Nc3 c6 5. e3 Nbd7 6. Qc2 Bd6 7. b3 O-O 8. Be2 dxc4 9. bxc4 e5 10. O-O Qe7 11. Rd1 b6 12. a4 Bb7 13. a5 Bb4 14. a6 Bc8 15. Bb2 exd4 16. exd4 Re8 17. Bd3 Nf8 18. Ne5 Bd7 19. Nxd7 Qxd7 20. c5 Bxc3 21. Bxc3 b5 22. Bf5 Qd5 23. Bb2 Ng6 24. g3 Re7 25. Re1 Rae8 26. Rxe7 Rxe7 27. Bh3 Qd8 28. Bg2 Nd5 29. Qd2 Re6 30. Re1 Rxe1+ 31. Qxe1 Nge7 32. h4 Qc8 33. Qe5 Qc7 34. Qg5 h6 35. Qg4 Qc8 36. Qe2 Qxa6 37. Bxd5 Nxd5 38. Qe8+ Kh7 39. Qxf7 Qc8 40. Qxa7 Qe8 41. Qa3 Qe1+ 42. Kg2 b4 43. Qb3 Qe4+ 44. Kh2 Qf5 45. Kg2 Qe4+ 46. Qf3 Qc2 47. h5 Qxb2 48. Qf5+ Kg8 49. Qc8+ Kf7 50. Qxc6 Qxd4 51. Qd7+ Kf6 52. Qd6+ Kf7 53. Qd7+ Kg8 54. Qe8+ Kh7 55. Qg6+ Kg8 56. c6 Qc4 57. Qe8+ Kh7 58. Qg6+ Kg8 59. Qe6+ Kf8 60. c7 Qxc7 61. Qxd5 Qb6 62. Qf5+ Ke7 63. Qe5+ Kf8 64. Qf5+ Kg8 65. Qc8+ Kf7 66. Qf5+ Qf6 67. Qd7+ Qe7 68. Qf5+ Kg8 69. Qc8+ Kh7 70. Qf5+ Kh8 71. Qc8+ Kh7 72. Qf5+ Kg8 73. Qc8+ Kf7 74. Qf5+ Ke8 75. Qb5+ Kd8 76. Qb8+ Kd7 77. Qb7+ Ke6 78. Qe4+ Kd7 79. Qb7+ Ke8 80. Qb8+ Kf7 81. Qf4+ Kg8 82. Qc4+ Kh8 83. Qd3 1-0


[Site "https://www.chess.com"]

[Event "Titled Tuesday Blitz May 16 Early 2023"]
[White "Camilla_Lee"]
[Black "Kubicka, Anna"]
[BlackFideId "1152254"]
[WhiteElo "2618"]
[BlackElo "2144"]
[Result "0-1"]
[Round "06"]
[TimeControl "180+2"]
[Date "2023.05.16"]
[WhiteClock "0:00:00"]
[BlackClock "0:00:06"]

1. e4 c5 2. Nf3 d6 3. d4 cxd4 4. Nxd4 Nf6 5. Nc3 a6 6. Bc4 e6 7. O-O b5 8. Bb3 Be7 9. f4 Qc7 10. f5 e5 11. Nde2 Bb7 12. Ng3 Nbd7 13. Bg5 h6 14. Bxf6 Nxf6 15. Nh5 Nxh5 16. Qxh5 Bf6 17. Bd5 Rc8 18. Rf2 b4 19. Bxb7 Qxb7 20. Nd5 Rc4 21. Qe2 Qc6 22. Rd1 a5 23. c3 bxc3 24. Nxc3 Bh4 25. g3 Bd8 26. Rf3 Bb6+ 27. Kg2 f6 28. Rd5 O-O 29. Qd3 Bd4 30. Rxa5 Rb8 31. Nd5 Rxb2+ 32. Kh3 Kh7 33. Ne7 Qe8 34. Ng6 Rcc2 35. Qxc2 Rxc2 36. Rfa3 Bg1 37. Ra8 h5 38. g4 Rxh2+ 39. Kg3 h4+ 40. Kf3 Qxg6 41. fxg6+ Kxg6 42. R3a6 Rf2+ 43. Ke3 Rxa2+ 44. Kd3 Rxa6 45. Rxa6 h3 46. Ra8 Kh7 47. Ke2 h2 0-1


[Site "https://www.chess.com"]

[Event "Titled Tuesday Blitz May 16 Early 2023"]
[White "Lehtosaari, Mauri"]
[Black "Mamedov, Edgar"]
[WhiteFideId "501999"]
[BlackFideId "13739980"]
[WhiteElo "2507"]
[BlackElo "2317"]
[Result "1/2-1/2"]
[Round "06"]
[TimeControl "180+2"]
[Date "2023.05.16"]
[WhiteClock "0:00:11"]
[BlackClock "0:00:08"]

1. d4 d5 2. Nf3 Nf6 3. Bg5 Nbd7 4. Nbd2 e6 5. e3 Be7 6. Bd3 O-O 7. O-O c5 8. c3 b6 9. Ne5 Nxe5 10. dxe5 Nd7 11. Bxe7 Qxe7 12. f4 f6 13. Qh5 g6 14. Qh4 Qg7 15. Nf3 Bb7 16. Bb5 f5 17. Ng5 Qe7 18. Qh6 Rfd8 19. h4 Nf8 20. h5 Qg7 21. Qxg7+ Kxg7 22. hxg6 hxg6 23. Kf2 a6 24. Be2 d4 25. exd4 cxd4 26. c4 d3 27. Bf3 Bxf3 28. Kxf3 Rac8 29. b3 b5 30. cxb5 axb5 31. Rf2 d2 32. Rd1 Rc2 33. a4 b4 34. Re2 Rc3+ 35. Re3 Rdd3 36. Rxd3 Rxd3+ 37. Ke2 Rxb3 38. Rxd2 Ra3 39. Rd8 Rxa4 40. Rb8 Ra2+ 41. Kf3 Ra3+ 42. Kf2 b3 43. Rb7+ Kg8 44. Rb8 Kg7 45. Rb7+ Kh6 46. Rb8 Kh5 47. Rxf8 Kg4 48. Rb8 Ra2+ 49. Ke3 b2 50. Nxe6 Ra3+ 51. Kd4 Ra2 52. Nc5 Kxf4 53. e6 b1=Q 54. Rxb1 Re2 55. Nd3+ Kg5 56. Rb7 Rxe6 57. g3 Kg4 58. Nf4 Re4+ 59. Kd5 g5 60. Ng6 Kxg3 61. Rf7 g4 62. Rxf5 Ra4 63. Ke5 Ra5+ 64. Kf6 Ra6+ 65. Kg5 Ra4 66. Re5 Rb4 67. Rd5 Ra4 68. Rd3+ Kf2 69. Rd5 g3 70. Nh4 g2 71. Nxg2 Kxg2 72. Rf5 Kg3 73. Rf6 Kg2 74. Kg6 Kg3 75. Kf7 Kg2 76. Kg6 Kg3 77. Kf7 Kh3 78. Kg6 Kg4 79. Kf7 Kg5 80. Rg6+ Kf5 81. Rf6+ Ke5 82. Re6+ Kd5 83. Rf6 Re4 84. Kg6 Ke5 85. Rf5+ Ke6 86. Rf6+ Ke7 87. Rf5 Rg4+ 88. Rg5 Rf4 89. Rf5 Re4 90. Kg5 Ke6 91. Rf6+ Ke7 92. Rf5 Re6 93. Kf4 Ra6 94. Re5+ Kf6 95. Rf5+ Ke6 96. Re5+ Kd6 97. Rf5 Ra8 98. Rf6+ Kd5 99. Rf5+ Kd4 100. Rf6 Re8 101. Rd6+ Kc5 102. Rf6 Kd5 103. Rf5+ Kd4 104. Rf6 Re1 105. Kf5 Kd5 106. Kg6 Ke5 107. Rf5+ Ke6 108. Rf6+ Ke7 109. Rf7+ Ke8 110. Rf5 Re2 111. Kf6 Kf8 112. Kg6+ Ke7 113. Rf7+ Ke6 114. Rf6+ Ke5 115. Rf5+ Ke4 116. Rf6 Rg2+ 117. Kf7 Ke5 118. Re6+ Kd5 119. Rf6 Re2 120. Rf5+ Kd6 121. Rf6+ Kd7 1/2-1/2


[Site "https://www.chess.com"]

[Event "Titled Tuesday Blitz May 16 Early 2023"]
[White "Hirneise, Jens"]
[Black "Ismagilov, Damir"]
[WhiteFideId "24614734"]
[BlackFideId "34199982"]
[WhiteElo "2345"]
[BlackElo "2143"]
[Result "0-1"]
[Round "06"]
[TimeControl "180+2"]
[Date "2023.05.16"]
[WhiteClock "0:00:06"]
[BlackClock "0:00:18"]

1. Nf3 c5 2. e3 Nc6 3. d4 e6 4. c3 Nf6 5. Bd3 d5 6. O-O Bd6 7. Nbd2 O-O 8. dxc5 Bxc5 9. e4 b6 10. Qe2 Bb7 11. Rd1 d4 12. e5 Nd5 13. Qe4 g6 14. cxd4 Be7 15. Qg4 Ndb4 16. Bb1 Ba6 17. Ne4 Be2 18. Re1 Nxd4 19. Bh6 Re8 20. h4 Bxf3 21. gxf3 Nf5 22. a3 Nxh6 23. Qf4 Nf5 24. axb4 Bxh4 25. Bc2 Qe7 26. Rad1 Rad8 27. b5 h6 28. Nd6 Nxd6 29. exd6 Qg5+ 30. Qxg5 Bxg5 31. Be4 Bf4 32. Bc6 Rf8 33. d7 g5 34. Ra1 Bb8 35. Kg2 Kg7 36. Ra4 h5 37. Rh1 h4 38. Kh3 Kh6 39. Rg1 Kh5 40. Rg2 Rg8 41. Re4 Rg6 42. Rg1 Rf6 43. Kg2 Rf5 44. Rh1 Rc5 45. Re2 Rc4 46. Re4 Rc2 47. b4 Rb2 48. Rc4 Bf4 49. Re4 Kg6 50. Rc4 Kf6 51. Re4 Ke7 52. Rc4 Be3 53. Rf1 Rh8 54. Re4 h3+ 55. Kg3 Bxf2+ 56. Rxf2 Rxf2 57. Kxf2 h2 58. Re1 h1=Q 59. Rxh1 Rxh1 60. f4 Rb1 61. fxg5 Rxb4 62. Kf3 Rd4 63. Kg3 Rxd7 64. Bxd7 Kxd7 65. Kf4 Ke7 66. Ke5 Kf8 67. Kd6 Kg7 68. Kc7 e5 69. Kb7 e4 70. Kxa7 e3 71. Kxb6 e2 72. Kb7 e1=Q 73. b6 Qe4+ 0-1


[Site "https://www.chess.com"]

[Event "Titled Tuesday Blitz May 16 Early 2023"]
[White "Andreev, Konstantin"]
[Black "Jovic, Stanoje"]
[WhiteFideId "24239305"]
[BlackFideId "905020"]
[WhiteElo "2106"]
[BlackElo "2236"]
[Result "0-1"]
[Round "06"]
[TimeControl "180+2"]
[Date "2023.05.16"]
[WhiteClock "0:00:19"]
[BlackClock "0:00:52"]

1. e4 c6 2. d4 d5 3. e5 c5 4. dxc5 e6 5. Nf3 Bxc5 6. Bd3 Ne7 7. a3 a5 8. O-O a4 9. Nbd2 Nbc6 10. Re1 Qb6 11. Qe2 Ng6 12. g3 O-O 13. c4 f6 14. exf6 Rxf6 15. cxd5 exd5 16. Bxg6 hxg6 17. b4 axb3 18. Rb1 Bg4 19. Rxb3 Qa7 20. Bb2 Rf7 21. h3 Bxh3 22. Rc1 Raf8 23. Rbc3 Bb6 24. Qe1 Bg4 25. Kg2 Ba5 26. Rb3 Bxf3+ 27. Rxf3 Rxf3 28. Qe6+ R3f7 29. Rh1 Qxf2+ 0-1


[Site "https://www.chess.com"]

[Event "Titled Tuesday Blitz May 16 Early 2023"]
[White "bubeliang"]
[Black "Tanmay Jain"]
[BlackFideId "45015481"]
[WhiteElo "2605"]
[BlackElo "2032"]
[Result "1-0"]
[Round "06"]
[TimeControl "180+2"]
[Date "2023.05.16"]
[WhiteClock "0:00:35"]
[BlackClock "0:00:31"]

1. e4 c5 2. c3 d6 3. d4 cxd4 4. cxd4 g6 5. Nf3 Bg7 6. Nc3 e6 7. Be2 Ne7 8. O-O O-O 9. Be3 d5 10. e5 Nf5 11. Bg5 f6 12. exf6 Bxf6 13. Bxf6 Qxf6 14. g4 Nd6 15. Ne5 Qf4 16. Qd3 Nd7 17. Nxd7 Bxd7 18. Qe3 b5 19. a3 a5 20. b4 Rac8 21. Rac1 axb4 22. axb4 Nc4 23. Bxc4 Qxg4+ 24. Kh1 Rxc4 25. Ne2 Rf3 26. Qe5 Rf5 27. Qe3 Bc6 28. Qxe6+ Kg7 29. Ng3 Rf6 30. Qxg4 1-0


[Site "https://www.chess.com"]